Map: Orbital Shipyard

Players

Requiem - Winner!

  • Race: Protoss Protoss
  • League: Diamond

LilDicky

  • Race: Terran Terran
  • League: Diamond

VOD

http://www.twitch.tv/tumescentpie

Description

Time

  • Played on: Nov. 23, 2015, 12:39 p.m.
  • Length: 7:15
Show
View Real Time Build Order
Export as new Build Order

Requiem Protoss - Winner!

Build Orders: Oracle Opening 

Get SALT Encoding   

  12  0:00  Probe (Chrono Boost)  
  13  0:11  Probe (Chrono Boost)  
  14  0:18  Pylon  
  14  0:22  Probe (Chrono Boost)  
  15  0:36  Probe (Chrono Boost)  
  15  0:37  Gateway  
  16  0:43  Assimilator  
  16  0:47  Probe (Chrono Boost)  
  17  0:54  Assimilator  
  17  0:57  Probe (Chrono Boost)  
  18  1:10  Probe (Chrono Boost), Pylon  
  19  1:21  Probe (Chrono Boost)  
  19  1:25  Cybernetics Core  
  20  1:32  Probe (Chrono Boost)  
  21  1:42  Probe (Chrono Boost)  
  21  1:43  Pylon  
  22  1:53  Probe (Chrono Boost)  
  23  2:02  Stargate  
  23  2:07  Adept (Chrono Boost)  
  25  2:08  Warp Gate (Chrono Boost)  
  25  2:14  Mothership Core  
  27  2:45  Oracle (Chrono Boost)  
  30  2:51  Nexus  
  30  3:09  Adept  
  32  3:14  Twilight Council  
  32  3:23  Probe  
  28  3:35  Probe  
  28  3:36  Adept (Chrono Boost)  
  31  3:48  Probe, Forge  
  32  4:00  Probe  
  31  4:03  Stalker (Chrono Boost)  
  33  4:29  Probe, Photon Cannon  
  33  4:35  Probe  
  34  4:41  Probe (Chrono Boost)  
  35  4:46  Probe (Chrono Boost)  
  36  4:53  Probe (Chrono Boost)  
  37  5:04  Probe (Chrono Boost)  
  38  5:16  Adept  
  38  5:18  Resonating Glaives  
  38  5:19  Protoss Ground Weapons Level 1  
  40  5:22  Probe (Chrono Boost), Pylon  
  40  5:24  Probe (Chrono Boost)  
  40  5:25  Pylon  
  42  5:32  Probe (Chrono Boost)  
  43  5:44  Sentry  
  45  5:51  Gateway  
  45  5:53  Gateway  
  43  6:15  Sentry  
  43  6:29  Void Ray (Chrono Boost)  
  42  6:36  Mothership Core  
  40  6:41  Adept  
  34  6:47  Adept  
  35  6:55  Adept  
  35  7:04  Adept  
  37  7:14  Adept  
Show
View Real Time Build Order
Export as new Build Order

LilDicky Terran 

Build Orders: MMM Bio 

Get SALT Encoding   

  12  0:01  SCV  
  13  0:13  SCV  
  14  0:18  Supply Depot  
  14  0:27  SCV  
  15  0:37  Refinery  
  15  0:43  Barracks  
  15  0:48  SCV  
  16  1:00  SCV  
  17  1:12  SCV  
  18  1:24  SCV  
  19  1:36  SCV  
  20  1:41  Supply Depot, Marine  
  20  1:45  Factory  
  21  1:48  Orbital Command  
  21  1:59  Marine  
  22  2:07  Barracks  
  22  2:11  Barracks  
  22  2:14  SCV  
  23  2:18  Barracks Reactor  
  23  2:25  Refinery  
  23  2:26  SCV  
  24  2:30  Supply Depot  
  24  2:38  SCV  
  25  2:50  SCV, Widow Mine  
  28  3:08  SCV  
  28  3:12  Barracks Tech Lab x2, Marine x2  
  31  3:20  SCV  
  30  3:33  Marine x2  
  24  3:34  Combat Shields, Stimpack, Marine  
  24  3:35  Marine  
  20  3:49  SCV  
  20  3:51  Marine x2  
  20  3:52  Widow Mine, Marine  
  26  3:56  Marine  
  26  4:09  Marine x2  
  28  4:10  SCV  
  28  4:15  Marine  
  28  4:27  Marine x2  
  30  4:40  Starport  
  30  4:50  Marauder x2, Marine  
  33  4:58  Concussive Shells  
  33  5:01  Marine  
  29  5:11  Marauder  
  27  5:18  SCV  
  28  5:31  Engineering Bay  
  28  5:33  Marine x3  
  31  5:46  Marine  
  32  5:50  SCV, Marine  
  34  5:59  Missile Turret  
  34  6:00  Marine  
  34  6:01  Marine  
  34  6:03  SCV  
  31  6:19  Marine x2  
  31  6:20  Marauder  
  26  6:40  Marine x2  
  26  6:41  SCV, Marauder  
Tags
 
Add a new tag
Caveats
  • Supply blocks, unpowered buildings, or Contaminate may cause inaccurate times.
  • Supply counts are checked every 10 seconds.